 Dungeon Crawl Stone Soup version 0.28.0-47-ge53b351184 (webtiles) character file.

Game seed: 10052436377789084917

58724 Kaptain the Geomancer (level 14, -3/92 HPs)
             Began as a Gargoyle Earth Elementalist on Apr 25, 2022.
             Slain by a boulder beetle (11 damage)
             ... on level 12 of the Dungeon.
             The game lasted 00:55:01 (29866 turns).

Kaptain the Geomancer (GrEE)                       Turns: 29866, Time: 00:55:02

Health: -3/92      AC: 27    Str: 14    XL:     14   Next: 91%
Magic:  1/28       EV: 12    Int: 19    God:
Gold:   1398       SH: 10    Dex: 16    Spells: 26/34 levels left

rFire   . . .      SeeInvis +   e - +5 flail (vorpal)
rCold   . . .      Faith    .   C - +0 kite shield
rNeg    + . .      Spirit   .   u - +0 steam dragon scales
rPois   ∞          Reflect  .   Q - +2 helmet
rElec   +          Harm     .   s - +0 cloak
rCorr   .          Rampage  .   h - +2 pair of gloves
Will    +....                   k - +1 pair of boots
Stlth   +++.......              n - amulet of the acrobat
HPRegen 0.25/turn               j - ring of see invisible
MPRegen 0.21/turn               F - ring of the Evening {rElec Dex+6}

@: flying
A: sickness immunity, AC +10, big wings, negative energy resistance 1,
electricity resistance, torment resistance 1, petrification resistance
a: no special abilities


You were on level 12 of the Dungeon.
You visited 4 branches of the dungeon, and saw 24 of its levels.

You collected 1658 gold pieces.
You spent 260 gold pieces at shops.

Inventory:

Hand Weapons
 e - a +5 vorpal flail (weapon)
 t - the +5 hunting sling of Feudejam {freeze, Str+2}
   (You found it on level 8 of the Dungeon)

   Any ammunition fired from it freezes those it strikes, dealing additional
   cold damage.
   It can also slow down cold-blooded creatures.
   Str:       It affects your strength (+2).
 R - a +1 trident of flaming
Missiles
 g - 171 sling bullets
 x - a throwing net
 Z - 371 stones
Armour
 c - +0 acid dragon scales
 h - a +2 pair of gloves (worn)
 k - a +1 pair of boots (worn)
 s - a +0 cloak (worn)
 u - +0 steam dragon scales (worn)
 y - a +1 ring mail of cold resistance
 A - an orb of energy
 C - a +0 kite shield (worn)
 Q - a +2 helmet (worn)
Magical Staves
 q - a staff of earth
 v - a staff of death
Jewellery
 a - a ring of resist corrosion
 d - a ring of willpower
 j - a ring of see invisible (left hand)
 l - a ring of positive energy
 n - an amulet of the acrobat (around neck)
 F - the ring of the Evening (right hand) {rElec Dex+6}
   (You found it on level 5 of the Dungeon)

   [ring of dexterity]

   Dex:       It affects your dexterity (+6).
   rElec:     It insulates you from electricity.
 N - a ring of fire
 U - a ring of willpower
 V - a ring of ice
Wands
 I - a wand of mindburst (6)
 L - a wand of iceblast (36)
 M - a wand of paralysis (16)
 X - a wand of acid (4)
Scrolls
 b - a scroll of enchant weapon
 i - 2 scrolls of enchant armour
 m - a scroll of blinking
 w - 2 scrolls of fear
 z - 3 scrolls of amnesia
 H - a scroll of brand weapon
 K - 4 scrolls of identify
 P - 2 scrolls of immolation
Potions
 f - a potion of berserk rage
 o - 4 potions of mutation
 p - 10 potions of curing
 r - 6 potions of haste
 E - a potion of invisibility
 J - 3 potions of resistance
 O - 2 potions of brilliance
 S - 4 potions of lignification
 T - 2 potions of might
 W - a potion of magic
 Y - 3 potions of heal wounds
Miscellaneous
 D - a phial of floods
 G - a tin of tremorstones (2/2)


   Skills:
 * Level 12.1 Fighting
 - Level 4.6 Staves
 + Level 8.7 Armour
 - Level 5.0 Dodging
 - Level 5.0 Stealth
 - Level 5.0 Shields
 * Level 10.6 Spellcasting
 * Level 12.1 Conjurations
 - Level 0.7 Transmutations
 * Level 13.9 Earth Magic
 - Level 5.0 Evocations


You had 26 spell levels left.
You knew the following spells:

 Your Spells              Type           Power      Damage    Failure   Level
a - Sandblast             Erth           100%       2d20      1%          1
b - Stone Arrow           Conj/Erth      100%       3d13      1%          3
c - Fulminant Prism       Conj/Hex       16%        3d11      16%         4

Your spell library contained the following spells:

 Spells                   Type           Power      Damage    Failure   Level
 Magic Dart               Conj           100%       1d8       1%          1
 Passwall                 Tmut/Erth      30%        N/A       1%          2
 Searing Ray              Conj           100%       2d8       1%          2
 Petrify                  Tmut/Erth      37%        N/A       10%         4
 Animate Skeleton         Necr           20%        N/A       21%         1
 Apportation              Tloc           20%        N/A       21%         1
 Summon Small Mammal      Summ           40%        N/A       21%         1
 Corpse Rot               Necr/Air       20%        N/A       30%         2
 Ensorcelled Hibernation  Hex/Ice        20%        N/A       30%         2
 Poisonous Vapours        Pois/Air       20%        N/A       30%         2
 Irradiate                Conj/Tmut      17%        3d19      36%         5
 Spider Form              Tmut/Pois      11%        N/A       45%         3
 Frozen Ramparts          Ice            20%        1d4       52%         3
 Ice Form                 Ice/Tmut       11%        N/A       86%         4
 Anguish                  Hex/Necr       5%         N/A       89%         4
 Cause Fear               Hex            5%         N/A       89%         4
 Summon Ice Beast         Ice/Summ       10%        N/A       89%         4
 Blade Hands              Tmut           6%         N/A       99%         5
 Metabolic Englaciation   Hex/Ice        5%         N/A       99%         5
 Dragon Form              Tmut           6%         N/A       100%        7
 Malign Gateway           Summ/Tloc      5%         N/A       100%        7
 Summon Horrible Things   Summ           5%         N/A       100%        8
 Dragon's Call            Summ           5%         N/A       100%        9
 Statue Form              Tmut/Erth      Unusable   N/A       N/A         6

Dungeon Overview and Level Annotations

Branches:
Dungeon (15/15)            Temple (1/1) D:4            Lair (6/6) D:9
 Shoals (0/4) Lair:2        Snake (0/4) Lair:2        Slime (0/5) Lair:5
    Orc (2/2) D:11            Elf (0/3) Orc:2        Depths (0/4) D:15
 Vaults: D:13-14

Altars:
Ashenzari
Cheibriados
Dithmenos
Elyvilon
Fedhas
Gozag
Hepliaklqana
Kikubaaqudgha
Makhleb
Nemelex Xobeh
Okawaru
Qazlal
Ru
Sif Muna
Trog
Uskayaw
Vehumet
Wu Jian
Xom
Yredelemnul
Zin
The Shining One
Jiyva

Shops:
D:1 [   D:6 (*   D:9 =   Orc:2 =*:(

Annotations:
Lair:2 1 runed translucent door, Lurcho Leqiq's ghost, journeyman VSTm


Innate Abilities, Weirdness & Mutations

You are immune to sickness and miasma.
Your stone body is resilient. (AC +10)
You are immune to poison.
Your large and strong wings let you fly.
You resist negative energy. (rN+)
You are resistant to electric shocks. (rElec)
You are resistant to unholy torment.
You are immune to petrification.


Message History

The troll bites you but does no damage. You block the troll's attack.
The troll claws you but does no damage.
The boulder beetle leaps!
Casting: Stone Arrow (safe; 1% risk of failure)
Confirm with . or Enter, or press ? or * to list all spells.
Aiming: Stone Arrow (safe; 1% risk of failure)
Press: ? - help, Shift-Dir - straight line, f - troll, p - boulder beetle
Aim: a troll (moderately wounded, 78% to hit)
The stone arrow misses the troll.
The stone arrow hits the centaur!!
You kill the centaur!
The troll bites you! The troll completely misses you.
You block the troll's attack.
Casting: Stone Arrow (safe; 1% risk of failure)
Confirm with . or Enter, or press ? or * to list all spells.
You don't have enough magic to cast this spell.
Unknown command.
Casting: Stone Arrow (safe; 1% risk of failure)
Confirm with . or Enter, or press ? or * to list all spells.
Aiming: Sandblast (safe; 1% risk of failure)
Press: ? - help, Shift-Dir - straight line, f/p - troll
Aim: a troll (moderately wounded, 84% to hit)
The blast of sand hits the troll!!
You kill the troll!
The troll leather armour is intact enough to wear.
Unknown command.
The boulder beetle curls into a ball and begins rolling!
Items here: ( ))).
Casting: Sandblast (safe; 1% risk of failure)
Confirm with . or Enter, or press ? or * to list all spells.
Aiming: Sandblast (safe; 1% risk of failure)
Press: ? - help, Shift-Dir - straight line, f - boulder beetle
Aim: a boulder beetle (severely wounded, rolling, 100% to hit)
The blast of sand hits the boulder beetle!
The boulder beetle is almost dead.
The boulder beetle hits you!!
* * * LOW HITPOINT WARNING * * *
The boulder beetle stops rolling and uncurls.
You hit the boulder beetle but do no damage.
The boulder beetle is severely wounded.
The boulder beetle bites you!
You die...

...# #......##.###
...########............
..[.......+<...........
..†########......#
...########......#
..........######)# ..........#
#[# #..###....# #.###..###...
...# #.##.# #@##........
#.####.##.######B##.......+#+#
..........^....°..+..........####
....#.....##......#...P..P...#...
....#.....##......#..........#.#.
†<..#.....##........P......P.....
....#.>...##........?............
....#.....##..................##.
....#...............P......P..##.


You could see a boulder beetle.

Vanquished Creatures
  Josephine (Lair:4)
  5 hydras
  3 boulder beetles
  2 catoblepae
  A two-headed ogre (Orc:1)
  4 death yaks
  3 orc high priests (Orc:2)
  Urug (D:12)
  3 skeletal warriors (D:13)
  Pikel (D:9)
  5 orc knights
  A deep elf pyromancer (D:15)
  An ugly thing (D:10)
  2 wolf spiders (Lair:1)
  4 orc sorcerers (Orc:2)
  A cyclops (D:11)
  11 elephants
  3 centaur zombies
  8 black mambas
  Joseph (D:10)
  6 cane toads
  A gargoyle (D:9)
  9 komodo dragons
  2 unseen horrors (D:12)
  3 yaktaurs (D:15)
  4 rime drakes
  2 trolls
  2 polar bears
  Grinder (D:6)
  Prince Ribbit (D:6)
  19 blink frogs
  A meliai zombie (D:10)
  A centaur simulacrum (D:10)
  6 wyverns
  37 yaks
  2 vampires
  A shadow (D:10)
  6 wraiths
  4 basilisks
  3 steam dragons
  3 nagas (Lair:2)
  A tengu zombie (D:15)
  3 wargs
  12 water moccasins
  An acid dragon (D:12)
  17 orc warriors
  3 swamp drakes (Lair:6)
  2 ice beasts
  A sky beast (D:7)
  3 black bears
  4 necrophages (D:5)
  21 wolves
  8 ogres
  11 centaurs
  A lemure (D:9)
  4 kobold brigands
  15 bullfrogs
  A gnoll sergeant (D:5)
  A scorpion (D:6)
  A water moccasin zombie (D:5)
  A water moccasin skeleton (D:7)
  10 electric eels
  5 killer bees (D:10)
  A wight (D:5)
  2 howler monkeys
  2 bullfrog zombies
  3 hounds
  A human zombie (D:5)
  2 jellies
  A gnoll shaman (D:5)
  8 orc priests
  2 centaur skeletons
  4 iguanas
  A scorpion zombie (D:5)
  15 orc wizards
  6 hell rats (Lair:6)
  3 killer bee zombies
  2 hound skeletons (D:4)
  2 mummies (D:5)
  4 howler monkey zombies
  8 gnolls
  6 adders
  2 shadow imps
  3 white imps (D:10)
  An ufetubus (D:10)
  A worm (D:2)
  3 dart slugs
  35 orcs
  6 bats
  5 endoplasms
  2 giant cockroaches
  19 goblins
  6 hobgoblins
  4 jackals (D:4)
  20 kobolds
  2 quokkas
  12 ball pythons
  12 frilled lizards
  2 rats
509 creatures vanquished.

Vanquished Creatures (others)
  39 fungi
  73 plants
  11 withered plants (D:15)
123 creatures vanquished.

Grand Total: 632 creatures vanquished

Notes
Turn   | Place    | Note
-------+----------+-------------------------------------------
     0 | D:1      | Kaptain the Gargoyle Earth Elementalist began the quest for
                  | the Orb.
     0 | D:1      | Reached XP level 1. HP: 10/10 MP: 3/3
   276 | D:1      | Reached XP level 2. HP: 14/16 MP: 1/5
   754 | D:1      | Reached skill level 1 in Fighting
   754 | D:1      | Reached skill level 1 in Conjurations
   963 | D:1      | Reached XP level 3. HP: 20/20 MP: 3/6
   969 | D:1      | Learned a level 3 spell: Stone Arrow
  1142 | D:1      | Found Emug's Armour Shoppe.
  1282 | D:1      | Reached skill level 4 in Earth Magic
  1406 | D:2      | Identified the +0 ring mail "Gaygh" {rElec Str+6 Int+2
                  | Dex-5}
  1515 | D:2      | Found an opulent altar of Gozag.
  1552 | D:2      | Reached XP level 4. HP: 9/25 MP: 2/7
  2315 | D:2      | Reached skill level 1 in Armour
  3400 | D:4      | Noticed a bullfrog
  3409 | D:4      | Killed a bullfrog
  3410 | D:4      | Reached XP level 5. HP: 30/30 MP: 1/9
  3485 | D:4      | Reached XP level 6. HP: 36/36 MP: 0/10
  3514 | D:4      | Reached skill level 1 in Shields
  3514 | D:4      | Reached skill level 5 in Earth Magic
  3963 | D:4      | Reached skill level 1 in Evocations
  3963 | D:4      | Reached XP level 7. HP: 40/40 MP: 4/12
  4365 | D:4      | Found a staircase to the Ecumenical Temple.
  4374 | Temple   | Entered the Ecumenical Temple
  5074 | D:5      | Entered Level 5 of the Dungeon
  5382 | D:5      | Reached skill level 6 in Earth Magic
  5382 | D:5      | Reached XP level 8. HP: 41/48 MP: 7/14
  5449 | D:5      | Found a snail-covered altar of Cheibriados.
  6387 | D:5      | Found a basalt altar of Yredelemnul.
  6643 | D:5      | Reached XP level 9. HP: 52/53 MP: 3/16
  6816 | D:5      | Reached skill level 5 in Fighting
  7121 | D:5      | Identified the ring of the Evening {rElec Dex+6}
  7353 | D:6      | Found Qudokhleu's Antique Weapon Shop.
  7369 | D:6      | Found a white marble altar of Elyvilon.
  7386 | D:6      | Reached skill level 5 in Conjurations
  7390 | D:6      | Reached skill level 7 in Earth Magic
  7591 | D:6      | Identified the +2 robe of the Hall of Blades {rF+ Will-
                  | Str+3}
  7641 | D:6      | Noticed Prince Ribbit
  7643 | D:6      | Killed Prince Ribbit
  7644 | D:6      | Reached skill level 5 in Spellcasting
  7708 | D:6      | Found Zin's Purification Station.
  7712 | D:6      | Found a glowing silver altar of Zin.
  7874 | D:6      | Noticed Grinder
  7876 | D:6      | Paralysed by Grinder for 2 turns
  7879 | D:6      | Killed Grinder
  9157 | D:7      | Reached skill level 8 in Earth Magic
  9157 | D:7      | Reached XP level 10. HP: 60/60 MP: 8/18
  9467 | D:7      | Found a hazy altar of Hepliaklqana.
 10115 | D:8      | Identified the +5 hunting sling of Feudejam {freeze, Str+2}
 11031 | D:9      | Found a hide-covered altar of Uskayaw.
 11084 | D:9      | Noticed a gargoyle
 11088 | D:9      | Killed a gargoyle
 11089 | D:9      | Reached skill level 1 in Staves
 11286 | D:9      | Found Kyggaeg's One-of-a-Kind Rings.
 11655 | D:9      | Noticed Pikel
 11664 | D:9      | Killed Pikel
 11823 | D:9      | Found a staircase to the Lair.
 11827 | D:9      | Reached skill level 5 in Armour
 11827 | D:9      | Reached skill level 9 in Earth Magic
 11948 | D:9      | Found a glowing golden altar of the Shining One.
 12073 | Lair:1   | Entered Level 1 of the Lair of Beasts
 12073 | Lair:1   | Noticed a five-headed hydra
 12079 | D:9      | Killed a five-headed hydra
 12080 | D:9      | Reached skill level 5 in Shields
 12080 | D:9      | Reached XP level 11. HP: 10/67 MP: 8/21
 13454 | Lair:1   | Reached skill level 10 in Earth Magic
 13966 | Lair:1   | You fall into a shaft and drop 1 floor!
 13966 | Lair:2   | Noticed a catoblepas
 13982 | Lair:2   | Killed a catoblepas
 14133 | Lair:2   | Noticed a six-headed hydra
 14140 | Lair:2   | Killed a six-headed hydra
 14309 | Lair:2   | Reached XP level 12. HP: 73/75 MP: 6/23
 15253 | Lair:2   | Found a runed translucent door.
 15255 | Lair:2   | Noticed Lurcho Leqiq's ghost (journeyman VSTm)
 15255 | Lair:2   | Noticed a catoblepas
 15262 | Lair:2   | Found a staircase to the Snake Pit.
 15478 | Lair:2   | Found a staircase to the Shoals.
 16153 | Lair:3   | Reached skill level 5 in Evocations
 16160 | Lair:3   | Reached skill level 11 in Earth Magic
 17307 | Lair:4   | Noticed a six-headed hydra
 17315 | Lair:4   | Killed a six-headed hydra
 17677 | Lair:4   | Reached XP level 13. HP: 42/81 MP: 14/25
 18311 | Lair:3   | Reached skill level 10 in Conjurations
 18396 | Lair:3   | Reached skill level 10 in Fighting
 18759 | Lair:4   | Reached skill level 5 in Stealth
 19200 | Lair:4   | Noticed Josephine
 19209 | Lair:4   | Killed Josephine
 19264 | Lair:3   | Reached skill level 12 in Earth Magic
 21003 | Lair:5   | Found a shadowy altar of Dithmenos.
 21394 | Lair:5   | Found a viscous altar of Jiyva.
 21394 | Lair:5   | Found a staircase to the Slime Pits.
 22330 | Lair:6   | Entered Level 6 of the Lair of Beasts
 22801 | Lair:6   | Gained mutation: Your large and strong wings let you fly.
                  | [Gargoyle growth]
 22801 | Lair:6   | Reached XP level 14. HP: 77/90 MP: 11/27
 23140 | D:10     | Entered Level 10 of the Dungeon
 23141 | D:10     | Noticed Joseph
 23758 | D:10     | Killed Joseph
 24161 | D:10     | Reached skill level 13 in Earth Magic
 24568 | D:10     | Found an opulent altar of Gozag.
 24766 | D:10     | Found a radiant altar of Vehumet.
 24970 | D:11     | Identified the +6 scale mail of Tuereca {Rampage}
 25281 | D:11     | Found a staircase to the Orcish Mines.
 25348 | D:11     | Reached skill level 10 in Spellcasting
 25741 | Orc:1    | Entered Level 1 of the Orcish Mines
 26015 | Orc:2    | Entered Level 2 of the Orcish Mines
 26622 | Orc:2    | Found Zist's Jewellery Shoppe.
 27433 | Orc:2    | Found a staircase to the Elven Halls.
 27698 | Orc:2    | Reached skill level 5 in Dodging
 27830 | Orc:2    | Found Wuenk's Book Shop.
 27836 | Orc:2    | Found Adae's Weapon Shop.
 27838 | Orc:2    | Found Esmir's General Store.
 27886 | Orc:2    | Bought a book of Conjurations for 260 gold pieces
 27891 | Orc:2    | Learned a level 4 spell: Fulminant Prism
 28630 | D:12     | Noticed Urug
 28638 | D:12     | Killed Urug
 28830 | D:12     | You are sucked into a shaft and drop 3 floors!
 28830 | D:15     | Entered Level 15 of the Dungeon
 28875 | D:15     | Found a staircase to the Depths.
 29866 | D:12     | Slain by a boulder beetle

Illustrated notes

Levels and vault maps discovered:
D:1:      minmay_arrival_widening_spiral_narrow, layout_basic, serial_shops,
          nicolae_square_shop, hangedman_decor_clover_reticule,
          palyth_stone_intersect, minmay_misc_feat_square, minmay_lizard_pond
D:2:      layout_loops_ring, basic_altar
D:3:      layout_rooms
D:4:      layout_basic, minmay_temple_entry_sparse_star, kennysheep_doodads,
          minmay_misc_feat_rugged, minmay_ogre_servants
D:5:      layout_cave_pods, mainiacjoe_overflow_six_doors_small,
          lemuel_mausoleum_altar_yredelemnul, roderic_nine_men_s_morris,
          minivault_23
D:6:      kennysheep_steamy, layout_loops_ring, elyvilon_altar_5, zin_purify,
          serial_shops, nicolae_shop_hallway_stairs, minmay_misc_feat_roman,
          uniq_grinder, uniq_prince_ribbit1
D:7:      layout_gridville, mainiacjoe_overflow_alcove_2
D:8:      layout_loops_ring, hangedman_decor_push, lemuel_flamethrower_2
D:9:      layout_irregular_city, kennysheep_little_box,
          eat_drink_and_be_merry_uskayaw, david_lair_generic,
          nicolae_shop_unique_rings, uniq_pikel
D:10:     layout_basic, nicolae_gozag_seed_capital, nicolae_vehumet_altar_sigil,
          serial_ice, serial_ice_a, serial_ice_g, serial_ice_l, serial_ice_h,
          serial_ice_c, serial_ice_n, hangedman_glass_teeth,
          minmay_sticks_and_stones
D:11:     layout_loops_cross, orc_0_dummy
D:12:     layout_basic, special_room [special_room_orc],
          minmay_misc_feat_plants, uniq_urug, uniq_snorg
D:13:     layout_loops_cross, gammafunk_ghost_wrathful_warriors,
          nicolae_looking_at_the_future
D:14:     minmay_the_grid_square_5x5_5x5
          [minmay_the_grid_square_5x5_sharp_hourglass,
          minmay_the_grid_square_5x5_broken_cross,
          minmay_the_grid_square_5x5_eight_small,
          minmay_the_grid_square_5x5_longway,
          minmay_the_grid_square_5x5_checkered_sparse,
          minmay_the_grid_square_5x5_bridge,
          minmay_the_grid_square_5x5_prize_deathbox,
          minmay_the_grid_square_5x5_corner,
          minmay_the_grid_square_5x5_prize_junk,
          minmay_the_grid_square_5x5_hourglass, minmay_the_grid_square_5x5_mess,
          minmay_the_grid_square_5x5_inner_v,
          minmay_the_grid_square_5x5_prize_open,
          minmay_the_grid_square_5x5_inset, minmay_the_grid_square_5x5_comb,
          minmay_the_grid_square_5x5_lines,
          minmay_the_grid_square_5x5_prize_itemx,
          minmay_the_grid_square_5x5_hollow_slash,
          minmay_the_grid_square_5x5_prize_snowflake,
          minmay_the_grid_square_5x5_inverted_slash,
          minmay_the_grid_square_5x5_shrine1,
          minmay_the_grid_square_5x5_six_small,
          minmay_the_grid_square_5x5_fancy_junction,
          minmay_the_grid_square_5x5_almost_minimal,
          minmay_the_grid_square_5x5_tie], layout_loops_ring,
          grunt_vaults_entry_tiered, bh_walls_and_bars, serial_undead,
          serial_undead_e, serial_undead_e, serial_undead_c, serial_undead_d,
          serial_undead_e, uniq_nessos
D:15:     gammafunk_depths_entry_grave, layout_cave_pools, nrook_mini_backslash,
          nicolae_fountain_basement, uniq_jorgrun
Temple:   dshaligram_water_room_temple
Lair:1:   layout_loops_ring, nicolae_lair_run_with_the_wolves,
          infiniplex_staircase_pool
Lair:2:   layout_cave_shapes, elwin_shoals_entry_rocks,
          minmay_snake_entry_guardpost_small, ebering_ghost_inner_flame,
          serial_bayou, serial_bayou_crossing, serial_bayou_shore_b,
          serial_bayou_lagoon_a, serial_bayou_pond_d, serial_bayou_pond_a,
          serial_bayou_shore_b
Lair:3:   layout_regular_city
Lair:4:   layout_regular_city, serial_bayou_shore_b, uniq_josephine
Lair:5:   statuecave_lemuel, layout_loops_ring, dpeg_slime_entry_enclosed_altar,
          basic_altar, mumra_transporter_accident
Lair:6:   guppyfry_lair_end_dragon, layout_layer_cave, gauntlet_entry_generic
Orc:1:    layout_diamond_mine
Orc:2:    st_orc_elflike, layout_diamond_mine, nicolae_orc_crystal_geode

Skill      XL: |  1  2  3  4  5  6  7  8  9 10 11 12 13 14 |
---------------+-------------------------------------------+-----
Fighting       | 1 2 3 4 6 7 8 9 11 12 | 12.1
Conjurations   | 1 2 3 4 6 7 8 9 11 12 | 12.1
Earth Magic    | 4 5 6 8 9 10 11 12 13 | 13.9
Armour         | 1 2 3 4 5 6 7 8 |  8.7
Dodging        | 2 3 4 5 |  5.0
Spellcasting   | 3 4 5 6 7 8 9 10 | 10.6
Shields        | 1 2 3 4 5 |  5.0
Evocations     | 1 2 3 4 5 |  5.0
Staves         | 2 3 4 |  4.6
Stealth        | 4 5 |  5.0
Transmutations | |  0.7

Action                   |  1- 3 |  4- 6 |  7- 9 | 10-12 | 13-15 || total
-------------------------+-------+-------+-------+-------+-------++-------
Melee: Unarmed           |    33 |       |       |       |       ||    33
       Short sword       |    43 |    24 |       |       |       ||    67
       Punch             |     1 |     1 |       |       |     1 ||     3
       Staff             |       |    45 |    35 |    21 |     7 ||   108
       Flail             |       |     2 |       |       |   134 ||   136
 Cast: Sandblast         |    34 |    47 |    31 |   161 |   133 ||   406
       Stone Arrow       |     2 |     9 |    98 |   194 |   433 ||   736
Evoke: Wand              |       |       |       |     8 |     1 ||     9
  Use: Scroll            |       |     4 |     2 |    13 |     3 ||    22
       Potion            |       |       |       |    10 |     1 ||    11
 Stab: Sleeping          |     1 |     3 |       |       |       ||     4
       Distracted        |       |     1 |       |       |       ||     1
       Petrified         |       |       |       |     1 |       ||     1
Armor: Robe              |    23 |    34 |       |       |       ||    57
       Ring mail         |     3 |       |       |       |       ||     3
       Leather armour    |       |       |    47 |    27 |       ||    74
       Steam dragon scal |       |       |       |   109 |   233 ||   342
Dodge: Dodged            |    59 |    77 |    39 |   168 |   232 ||   575
Block: Kite shield       |       |       |       |       |   217 ||   217
